Map: Canyon of Tribulation

Players

Throwfordays - Winner!

  • Race: Protoss Protoss
  • League: Silver
  • Spawn Location: 7:00

Faust - Winner!

  • Race: Zerg Zerg
  • League: Diamond
  • Spawn Location: 6:00

Cthulhu - Winner!

  • Race: Zerg Zerg
  • Spawn Location: 6:00

Rollin

  • Race: Terran Terran
  • Spawn Location: 12:00

KKKKKLLL

  • Race: Zerg Zerg
  • Spawn Location: 12:00

Supreme

  • Race: Zerg Zerg
  • Spawn Location: 3:00

VOD

Have the link to the VOD?

Description

Time

  • Played on: Feb. 12, 2019, 10:45 p.m.
  • Length: 14:43
Show
View Real Time Build Order
Export as new Build Order

Throwfordays Protoss - Winner!

Build Orders: Cannon Rush 

Get SALT Encoding   

  12  0:01  Probe  
  13  0:14  Probe  
  14  0:24  Pylon  
  14  0:26  Probe  
  15  0:42  Forge, Probe  
  16  0:54  Probe  
  17  0:59  Pylon  
  17  1:04  Assimilator  
  17  1:07  Probe  
  17  1:08  Assimilator  
  18  1:19  Probe  
  19  1:31  Probe  
  20  1:35  Photon Cannon  
  20  1:43  Probe  
  21  1:47  Photon Cannon  
  21  1:55  Photon Cannon, Probe  
  22  2:07  Photon Cannon, Probe  
  23  2:16  Photon Cannon  
  23  2:27  Photon Cannon  
  23  2:35  Pylon  
  23  3:00  Nexus  
  23  3:17  Pylon  
  23  3:32  Photon Cannon  
  23  3:37  Photon Cannon  
  23  3:41  Probe  
  23  3:43  Gateway  
  24  3:49  Probe  
  25  3:58  Probe  
  26  4:10  Probe  
  26  4:11  Pylon  
  26  4:13  Probe  
  28  4:17  Pylon  
  28  4:19  Probe  
  28  4:21  Probe  
  29  4:27  Probe  
  29  4:31  Probe  
  30  4:37  Probe  
  32  4:43  Probe  
  34  4:49  Probe  
  35  4:53  Assimilator  
  35  4:55  Probe  
  35  4:57  Assimilator  
  36  5:01  Probe  
  36  5:02  Photon Cannon  
  37  5:07  Probe  
  37  5:08  Photon Cannon  
  37  5:13  Probe  
  39  5:19  Probe  
  40  5:25  Probe  
  40  5:28  Nexus  
  41  5:29  Pylon  
  41  5:31  Probe  
  42  5:38  Cybernetics Core  
  42  5:40  Forge  
  42  5:43  Pylon  
  42  5:53  Photon Cannon  
  42  5:56  Photon Cannon  
  42  6:01  Photon Cannon  
  42  6:04  Photon Cannon  
  42  6:05  Warp Gate  
  42  6:11  Photon Cannon  
  42  6:14  Photon Cannon  
  42  6:15  Protoss Ground Weapons Level 1  
  42  6:18  Protoss Ground Armor Level 1  
  42  6:21  Probe  
  42  6:25  Pylon  
  43  6:29  Probe  
  43  6:39  Probe  
  44  6:40  Probe  
  44  6:46  Probe  
  47  6:49  Assimilator  
  47  6:50  Probe  
  48  6:54  Assimilator  
  48  6:57  Probe x2  
  48  6:58  Probe  
  50  7:05  Probe x2  
  50  7:07  Probe  
  51  7:13  Photon Cannon, Probe  
  51  7:14  Probe  
  54  7:16  Photon Cannon  
  54  7:18  Photon Cannon  
  54  7:19  Probe  
  57  7:24  Probe  
  57  7:26  Probe  
  57  7:27  Pylon  
  59  7:31  Probe  
  59  7:32  Pylon  
  59  7:35  Twilight Council  
  60  7:38  Probe  
  60  7:43  Stalker  
  62  8:08  Photon Cannon  
  62  8:36  Stargate x2  
  62  8:37  Protoss Ground Weapons Level 2  
  62  8:44  Stargate  
  62  8:48  Robotics Facility  
  62  8:49  Robotics Facility  
  62  8:52  Robotics Facility  
  62  8:54  Robotics Facility  
  62  8:56  Protoss Air Weapons Level 1  
  62  9:06  Photon Cannon  
  62  9:07  Photon Cannon  
  61  9:10  Photon Cannon  
  61  9:12  Photon Cannon  
  56  9:20  Photon Cannon  
  56  9:21  Photon Cannon  
  56  9:25  Photon Cannon  
  56  9:49  Stargate  
  56  9:50  Stargate  
  56  9:53  Stargate  
  56  9:55  Stargate  
  56  9:59  Robotics Facility x2  
  56  10:01  Robotics Facility  
  56  10:02  Probe  
  56  10:04  Probe  
  59  10:14  Probe  
  59  10:16  Probe  
  59  10:17  Nexus  
  59  10:21  Protoss Shields Level 1  
  60  10:22  Pylon  
  60  10:25  Pylon  
  60  10:26  Probe  
  60  10:28  Probe  
  62  10:29  Pylon  
  62  10:31  Pylon  
  62  10:34  Pylon  
  62  10:40  Phoenix  
  62  10:41  Phoenix x3  
  70  10:51  Protoss Air Armor Level 1, Robotics Bay  
  70  10:54  Fleet Beacon  
  70  11:05  Phoenix x2  
  70  11:06  Phoenix x2  
  62  11:30  Phoenix x2  
  62  11:31  Phoenix x2  
  68  12:00  Cybernetics Core, Phoenix x2  
  68  12:01  Phoenix x2  
  76  12:07  Anion Pulse-Crystals  
  76  12:09  Probe  
  76  12:12  Probe  
  78  12:21  Probe  
  78  12:22  Nexus  
  79  12:24  Probe  
  79  12:25  Phoenix x2  
  79  12:26  Protoss Air Weapons Level 2, Phoenix x2  
  88  12:33  Probe  
  89  12:50  Phoenix x3  
  89  12:51  Phoenix  
Show
View Real Time Build Order
Export as new Build Order

Faust Zerg - Winner!

Build Orders: Hatch First, Swarm Host 

Get SALT Encoding   

  12  0:01  Drone  
  13  0:08  Drone  
  13  0:13  Extractor  
  13  0:16  Drone  
  15  0:23  Overlord  
  15  0:40  Extractor  
  15  0:41  Drone x2  
  16  0:58  Hatchery  
  16  1:00  Drone  
  16  1:16  Spawning Pool  
  15  1:20  Drone  
  15  1:23  Drone  
  17  1:27  Drone  
  17  1:31  Drone  
  19  1:42  Overlord  
  19  2:09  Metabolic Boost  
  19  2:10  Queen  
  19  2:11  Queen  
  19  2:12  Zergling x2  
  19  2:15  Zergling x2  
  25  2:20  Zergling x2  
  26  2:24  Zergling x2  
  27  2:30  Baneling Nest  
  27  2:32  Drone  
  27  2:36  Drone  
  28  2:40  Drone  
  28  2:43  Drone  
  30  2:46  Drone  
  31  2:52  Overlord  
  31  3:02  Drone  
  31  3:03  Drone  
  33  3:08  Lair  
  33  3:14  Drone x2  
  33  3:17  Extractor  
  34  3:20  Extractor  
  34  3:22  Extractor, Drone  
  34  3:23  Drone  
  34  3:29  Drone x2  
  36  3:50  Drone x3  
  36  3:52  Drone x3  
  41  3:59  Zergling x4  
  41  4:00  Zergling x2  
  42  4:06  Baneling x3  
  42  4:11  Infestation Pit  
  42  4:15  Drone x2  
  43  4:18  Overlord x2  
  43  4:19  Overlord  
  43  4:29  Infestation Pit  
  42  4:32  Drone  
  43  4:43  Hatchery  
  42  4:47  Nydus Network  
  41  4:58  Baneling x3  
  38  5:18  Swarm Host  
  40  5:21  Swarm Host  
  40  5:22  Swarm Host x3  
  40  5:25  Drone x4  
  56  5:33  Drone x3  
  59  5:38  Drone x2  
  59  5:41  Drone  
  62  5:46  Swarm Host  
  62  5:48  Swarm Host  
  68  5:56  Spore Crawler  
  67  6:00  Spore Crawler  
  66  6:06  Spore Crawler  
  66  6:07  Spore Crawler  
  66  6:08  Spore Crawler  
  66  6:10  Drone x3  
  67  6:11  Drone  
  67  6:27  Nydus Canal  
  67  6:29  Drone x2  
  67  6:30  Zergling x10  
  74  6:33  Overlord  
  74  6:51  Queen  
  76  7:01  Swarm Host x2  
  76  7:04  Overlord x2  
  76  7:05  Overlord x3  
  76  7:07  Overseer  
  82  7:13  Pneumatized Carapace  
  82  7:16  Overlord x2  
  82  7:18  Baneling x3  
  82  7:19  Baneling x4  
  82  7:24  Drone, Evolution Chamber  
  82  7:26  Drone x2  
  82  7:27  Evolution Chamber  
  83  7:31  Drone x3  
  86  7:42  Nydus Canal  
  86  7:51  Zerg Missile Weapons Level 1  
  86  7:54  Zerg Ground Armor Level 1  
  86  7:56  Hydralisk Den  
  83  8:21  Nydus Canal  
  83  8:37  Nydus Canal  
  83  8:40  Drone x2  
  83  8:41  Drone x6  
  88  8:43  Extractor, Drone x3  
  88  8:44  Drone x3  
  88  8:45  Extractor  
  95  8:50  Spore Crawler, Drone x3  
  95  8:51  Spore Crawler  
  95  8:52  Drone x5  
  101  9:13  Hydralisk  
  101  9:14  Hydralisk x5  
  113  9:19  Drone  
  114  9:31  Hydralisk  
  114  9:32  Hydralisk x5  
  114  9:34  Spore Crawler  
  125  9:43  Hydralisk x2  
  129  10:05  Overlord x3  
  129  10:06  Overlord x3  
  129  10:07  Zerg Missile Weapons Level 2  
  129  10:09  Zerg Ground Armor Level 2  
  129  10:12  Overlord x3  
  129  10:29  Spore Crawler  
  128  10:42  Spore Crawler  
  127  10:43  Spore Crawler  
  127  10:44  Hydralisk x2  
  127  10:45  Spore Crawler, Hydralisk x14  
  127  10:48  Swarm Host  
  160  10:50  Swarm Host  
  160  10:53  Swarm Host  
  166  11:01  Nydus Canal  
  166  11:20  Muscular Augments  
  162  11:50  Drone  
  163  12:14  Hydralisk x15  
  163  12:15  Hydralisk x3  
  199  12:31  Grooved Spines  
  199  12:38  Overlord x3  
  199  12:39  Overlord x4  
  199  12:52  Nydus Canal  
  199  12:55  Overlord x4  
  197  13:33  Nydus Canal  
  197  13:41  Overlord x3  
  189  13:42  Hydralisk x5  
  189  14:13  Swarm Host x2  
  189  14:14  Swarm Host  
  189  14:15  Nydus Network  
Show
View Real Time Build Order
Export as new Build Order

Cthulhu Zerg - Winner!

Build Orders: Hatch First 

Get SALT Encoding   

  12  0:01  Drone  
  13  0:09  Drone  
  14  0:18  Extractor  
  14  0:19  Drone  
  15  0:23  Overlord  
  15  0:42  Extractor  
  14  0:43  Drone  
  14  0:44  Drone  
  16  0:59  Hatchery  
  15  1:07  Drone x2  
  17  1:23  Spawning Pool  
  16  1:31  Drone  
  16  1:32  Drone  
  18  1:36  Drone  
  19  1:45  Drone  
  20  2:00  Extractor  
  19  2:15  Extractor, Drone  
  19  2:16  Extractor  
  19  2:20  Lair  
  18  2:30  Queen  
  18  2:34  Drone  
  18  2:35  Drone x4  
  25  2:46  Overlord  
  25  2:52  Overlord  
  25  3:08  Drone  
  26  3:20  Spire  
  26  3:24  Drone x2  
  26  3:25  Drone x3  
  30  3:32  Overlord  
  30  3:57  Queen  
  32  4:05  Overlord  
  32  4:08  Overlord  
  32  4:32  Mutalisk x6  
  32  4:33  Mutalisk  
  46  4:41  Mutalisk  
  48  4:46  Mutalisk  
  48  4:47  Mutalisk  
  52  4:54  Drone  
  52  4:55  Drone  
  54  5:09  Mutalisk  
  54  5:10  Mutalisk x2  
  60  5:18  Zerg Flyer Weapons Level 1  
  56  5:45  Zergling x10  
  56  5:46  Zergling x4  
  63  5:53  Queen x2  
  63  5:54  Evolution Chamber  
  58  6:23  Metabolic Boost  
  58  6:37  Mutalisk x4  
  58  6:38  Mutalisk  
  58  6:39  Overlord  
  68  7:18  Mutalisk x4  
  76  7:29  Zerg Melee Weapons Level 1  
  74  7:39  Spore Crawler  
  74  7:40  Spore Crawler x2  
  58  8:17  Mutalisk  
  58  8:18  Mutalisk x4  
  62  8:33  Spore Crawler x2  
  60  8:35  Drone  
  60  8:36  Drone x9  
  60  8:37  Spore Crawler  
  66  9:28  Spore Crawler  
  66  9:29  Spore Crawler  
  66  9:30  Spore Crawler  
  63  9:31  Spore Crawler  
  63  9:34  Spore Crawler  
  58  9:38  Drone  
  58  9:39  Drone x5  
  29  10:09  Drone x7  
  36  10:36  Mutalisk x3  
  36  10:37  Mutalisk x3  
  36  10:42  Zergling x2  
  49  10:43  Zergling x2  
  49  10:49  Zerg Flyer Weapons Level 2  
  38  11:34  Zergling x18  
  38  11:35  Zergling x12  
  53  11:44  Zerg Melee Weapons Level 2, Infestation Pit  
  41  12:30  Zergling x2  
  41  12:31  Zergling x24  
  41  12:32  Zergling x4  
  50  12:56  Zergling x8  
  54  12:58  Mutalisk x2  
  54  12:59  Mutalisk x2  
  57  14:03  Mutalisk x5  
  57  14:06  Overlord x3  
Show
View Real Time Build Order
Export as new Build Order

Rollin Terran 

Build Orders:  

Get SALT Encoding   

  12  0:03  SCV  
  13  0:15  SCV  
  14  0:23  Supply Depot  
  14  0:28  SCV  
  15  0:46  Barracks  
  15  0:49  SCV  
  16  0:57  Refinery  
  16  0:58  Refinery  
  16  1:01  SCV  
  17  1:13  SCV  
  18  1:25  SCV  
  19  1:36  Marine, Supply Depot  
  19  1:37  SCV  
  21  1:43  Supply Depot  
  21  1:49  Orbital Command  
  21  1:56  Marine  
  22  2:14  Reaper  
  22  2:15  Barracks  
  23  2:21  Barracks  
  23  2:29  SCV  
  24  2:41  SCV  
  25  3:02  SCV  
  26  3:07  Barracks Reactor  
  26  3:14  SCV, Barracks Tech Lab  
  26  3:17  Supply Depot  
  27  3:20  Barracks Reactor  
  27  3:26  SCV  
  28  3:36  Reaper  
  29  3:44  Reaper x2  
  29  4:07  Reaper x2  
  29  4:08  Reaper  
  32  4:12  SCV  
  32  4:16  Reaper  
  34  4:38  Combat Shield  
  34  4:40  Reaper, Marine x2, Command Center  
  37  4:52  SCV  
  38  5:04  SCV  
  39  5:20  SCV  
  39  5:25  Factory  
  39  5:32  SCV  
  40  5:39  Marine x4  
  44  5:44  Engineering Bay  
  44  6:05  Marine x3  
  45  6:12  Marine x2  
  45  6:18  Orbital Command  
  47  6:20  Missile Turret  
  47  6:23  Marine, Stimpack  
  47  6:25  Starport  
  48  6:45  Missile Turret  
  48  7:19  Starport Reactor  
  48  7:23  Starport  
  48  7:26  SCV  
  48  7:29  SCV  
  50  7:38  SCV  
  50  7:41  SCV  
  52  7:45  Refinery  
  52  7:48  Refinery  
  52  7:50  SCV  
  53  7:53  SCV  
  54  8:03  SCV  
  55  8:06  SCV  
  49  8:14  Starport Tech Lab  
  49  8:15  Liberator  
  49  8:16  Liberator  
  54  8:25  Barracks  
  54  8:35  Terran Infantry Weapons Level 1  
  54  9:07  Supply Depot x2, Liberator x2  
  54  9:09  Supply Depot  
  60  9:16  Armory  
  60  9:19  Liberator  
  63  9:25  Missile Turret  
  63  10:12  Liberator x3  
  72  10:44  Command Center  
  72  10:47  Terran Infantry Weapons Level 2  
  72  10:50  Supply Depot x2, Engineering Bay  
  72  10:52  Terran Ship Weapons Level 1  
  72  10:55  Medivac x3  
  78  11:45  Liberator  
  78  11:46  Liberator x2  
  84  11:55  Terran Infantry Armor Level 1  
  84  11:59  Rapid Reignition System  
  84  12:05  Marine x5  
  89  12:16  Missile Turret  
  89  12:23  Marine x5  
  94  12:30  Barracks  
  94  12:31  Barracks  
  94  12:41  Marine x5  
  99  12:50  Liberator  
  102  12:51  Liberator  
  102  12:52  Liberator  
  108  12:58  Marine  
  108  12:59  Marine x4  
  112  13:46  Liberator  
  112  13:47  Liberator x2  
  121  14:14  Barracks Reactor  
  121  14:15  Barracks Reactor  
  124  14:31  Refinery  
Show
View Real Time Build Order
Export as new Build Order

KKKKKLLL Zerg 

Build Orders: Hatch First 

Get SALT Encoding   

  12  0:05  Drone  
  13  0:13  Drone  
  14  0:21  Overlord  
  14  0:40  Drone  
  14  0:41  Drone x2  
  17  0:57  Hatchery  
  17  1:00  Drone  
  17  1:16  Spawning Pool  
  16  1:19  Drone  
  17  1:27  Drone x2  
  17  1:32  Extractor  
  18  1:33  Extractor  
  18  1:35  Drone  
  18  1:48  Drone  
  19  2:05  Drone  
  20  2:15  Drone x2  
  20  2:17  Queen  
  20  2:19  Queen  
  26  2:24  Drone  
  26  2:25  Drone  
  28  2:43  Overlord  
  28  2:50  Overlord  
  28  2:55  Lair  
  28  3:02  Drone x3  
  28  3:03  Drone x2  
  33  3:08  Queen  
  33  3:11  Drone  
  36  3:23  Drone x2  
  38  3:36  Zergling x10  
  38  3:37  Zergling x2  
  44  3:46  Spine Crawler  
  43  4:08  Drone, Spire  
  43  4:09  Drone  
  44  4:10  Overlord x3  
  44  4:16  Extractor  
  43  4:18  Extractor  
  42  4:26  Hatchery  
  41  4:44  Drone x2  
  43  4:45  Overlord  
  43  4:46  Overlord  
  43  4:59  Drone  
  45  5:00  Drone, Overlord  
  42  5:21  Mutalisk x7  
  56  5:29  Mutalisk  
  58  5:40  Mutalisk x3  
  56  5:57  Mutalisk  
  58  6:09  Mutalisk  
  60  6:24  Mutalisk  
  62  6:33  Mutalisk  
  62  6:36  Drone x2  
  62  6:37  Drone x2  
  68  6:46  Zerg Flyer Weapons Level 1  
  68  6:48  Drone x2  
  68  6:49  Drone  
  71  7:14  Mutalisk x2  
  75  7:50  Mutalisk x3  
  79  8:26  Mutalisk x2  
  77  8:29  Overlord x4  
  77  8:34  Drone  
  82  8:47  Queen  
  69  9:26  Mutalisk x4  
  69  9:27  Mutalisk x4  
  69  9:28  Mutalisk  
  67  9:42  Drone x2  
  67  9:43  Drone  
  58  10:09  Overseer  
  58  10:10  Drone x5  
  58  10:11  Drone x2  
  65  10:32  Drone x2  
  65  10:33  Drone x4  
  71  10:40  Spire  
  70  10:50  Drone x5  
  70  10:52  Queen  
  70  10:53  Queen  
  70  10:54  Queen  
  63  11:48  Drone x7  
  63  11:49  Drone x2  
  72  11:55  Extractor  
  72  11:56  Extractor  
  72  11:59  Mutalisk x3  
  74  12:36  Spawning Pool  
  73  12:38  Drone  
  73  12:39  Drone x8  
  73  12:40  Drone x4  
  86  12:48  Drone  
  51  13:35  Drone x5  
  51  13:36  Drone  
  57  13:50  Drone x2  
Show
View Real Time Build Order
Export as new Build Order

Supreme Zerg 

Build Orders: Hatch First 

Get SALT Encoding   

  12  0:11  Drone  
  12  0:12  Drone  
  14  0:31  Overlord  
  14  0:46  Hatchery  
  13  0:53  Drone x2  
  15  0:57  Drone  
  16  1:14  Extractor  
  16  1:15  Drone x2  
  17  1:25  Spawning Pool  
  16  1:29  Drone  
  17  1:37  Drone  
  18  1:50  Drone  
  19  2:04  Drone  
  19  2:05  Drone  
  21  2:14  Extractor  
  21  2:15  Lair  
  20  2:17  Drone x2  
  20  2:22  Queen  
  24  2:32  Drone  
  25  2:38  Drone x2  
  25  2:39  Drone  
  28  2:50  Overlord  
  28  3:13  Queen  
  28  3:14  Spire  
  28  3:15  Drone x2  
  28  3:16  Drone x4  
  35  3:27  Overlord  
  35  3:28  Overlord  
  35  3:43  Spine Crawler  
  35  3:45  Spine Crawler  
  33  3:54  Spire  
  32  4:01  Drone x2  
  32  4:02  Drone x3  
  37  4:18  Drone x2  
  39  4:28  Queen  
  39  4:30  Queen  
  43  4:45  Overlord x2  
  43  4:58  Extractor x2  
  27  5:31  Spore Crawler  
  27  5:33  Spore Crawler x2  
  22  5:44  Drone  
  22  5:45  Drone x5  
  28  6:13  Drone x2  
  28  6:14  Drone x2  
  28  6:16  Drone x3  
  35  6:57  Overlord  
  35  7:00  Mutalisk x9  
  53  7:11  Drone  
  54  7:22  Infestation Pit  
  53  7:34  Hatchery  
  52  7:41  Drone  
  52  7:42  Drone x3  
  54  8:16  Mutalisk x7  
  44  9:24  Spawning Pool  
  34  10:35  Hatchery  
  34  10:38  Lair  
  34  10:41  Metabolic Boost  
  33  10:49  Evolution Chamber  
  32  10:50  Evolution Chamber  
  31  11:19  Zerg Melee Weapons Level 1, Zerg Ground Armor Level 1  
  31  11:25  Hatchery  
  31  11:30  Zergling x2  
  31  11:31  Zergling x24, Hatchery  
  42  11:45  Overlord  
  42  12:07  Drone  
  42  12:08  Drone x2  
  44  12:31  Hatchery  
  43  12:37  Drone  
  43  12:38  Drone x3  
  47  12:44  Queen  
  47  12:46  Queen  
  51  13:00  Drone  
  51  13:01  Drone x4  
  56  13:23  Baneling Nest  
  52  13:29  Zergling x8  
  52  13:30  Zergling x2  
  49  13:48  Zergling x10  
  37  14:04  Zergling x2  
  37  14:05  Zergling x10  
Tags
 
Add a new tag
Caveats
  • Supply blocks, unpowered buildings, or Contaminate may cause inaccurate times.
  • Supply counts are checked every 10 seconds.